 Dungeon Sprint DCSS version bcrawl-1.19.1 (webtiles) character file.

Game seed: 10856114069587931876

43363 Freyura the Peltast (level 13, -10/134 HPs)
             Began as a Minotaur Fighter on Dec 11, 2019.
             Was the Champion of the Shining One.
             Killed from afar by a frost giant (25 damage)
             ... with a bolt of cold
             ... in the Dungeon (Sprint IX: "|||||||||||||||||||||||||||||").
             The game lasted 00:26:23 (3052 turns).

Freyura the Peltast (Minotaur Fighter)              Turns: 3052, Time: 00:26:24

Health: -10/134    AC: 20    Str: 23    XL:     13   Next: 90%
Magic:  23/23      EV: 25    Int:  5    God:    the Shining One [******]
Gold:   1954       SH: 33    Dex: 16    Spells: 12/12 levels left

rFire    + . .     SeeInvis .   q - +2 scimitar (flame)
rCold    . . .     Gourm    .   t - +1 shield {rF+}
rNeg     + + +     Faith    .   G - +0 swamp dragon scales
rPois    +         Spirit   .   (helmet restricted)
rElec    .         Reflect  .   a - +2 cloak
rCorr    .         Harm     .   b - +2 pair of gloves
MR       .....     NoTele   +   (no boots)
Stlth    +.........             (no amulet)
HPRegen  0.32/turn              r - +3 ring of dexterity
MPRegen  0.18/turn              s - +2 ring of evasion

@: divine shield, glowing
A: retaliatory headbutt, horns 2
a: Divine Shield, Cleansing Flame, Summon Divine Warrior, Brand Weapon With Holy
Wrath, Renounce Religion


You were in the Dungeon.
You worshipped the Shining One.
The Shining One was exalted by your worship.
You were hungry.

You visited 1 branch You collected 1954 gold pieces.

Inventory:

Hand Weapons
 l - a +2 long sword of electrocution
 q - a +2 scimitar of flaming (weapon)
 x - a +2 antimagic scimitar
Armour
 a - a +2 cloak (worn)
 b - a +2 pair of gloves (worn)
 d - a +0 shield of cold resistance
 t - a +1 shield of fire resistance (worn)
 F - +0 storm dragon scales
 G - +0 swamp dragon scales (worn)
Jewellery
 r - a +3 ring of dexterity (left hand)
 s - a +2 ring of evasion (right hand)
 A - an uncursed ring of protection from fire
 B - a +3 ring of slaying
 C - an uncursed ring of ice
Wands
 j - a wand of acid (6)
 m - a wand of paralysis (7)
 p - a wand of iceblast (9)
Scrolls
 k - 2 scrolls of blinking
 n - 4 scrolls of remove curse
 o - 2 scrolls of amnesia
 u - a scroll of fear
 w - 6 scrolls of fog
 E - 2 scrolls of enchant armour
Potions
 c - a potion of brilliance
 e - 9 potions of curing
 g - a potion of heal wounds
 h - a potion of haste
 i - 4 potions of magic
 v - a potion of ambrosia {unknown}
 z - a potion of resistance
Comestibles
 f - 11 rations {!d}


   Skills:
 + Level 18.1 Fighting
 - Level 14.0 Long Blades
 + Level 17.9 Armour
 + Level 16.5 Dodging
 + Level 18.1 Shields
 + Level 15.0 Invocations
 + Level 12.0 Evocations


You had 12 spell levels left.
You didn't know any spells.
Your spell library was empty.

Dungeon Overview and Level Annotations

Branches:
Dungeon (1/1)

Altars:
Cheibriados
Dithmenos
Elyvilon
Fedhas
Gozag
Hepliaklqana
Kikubaaqudgha
Lugonu
Makhleb
Nemelex Xobeh
Okawaru
Qazlal
Ru
Sif Muna
Trog
Uskayaw
Vehumet
Wu Jian
Xom
Yredelemnul
Zin
The Shining One
Beogh
Jiyva

Shops:
D (}%=


Innate Abilities, Weirdness & Mutations

You reflexively headbutt those who attack you in melee.
You have a pair of horns on your head.


Message History

The frost giant is moderately wounded.
A stone giant comes into view.
The frost giant points at you and mumbles some strange words.
The bolt of cold misses you.
You slice the frost giant!! You burn the frost giant.
Your headbutt misses the frost giant.
The frost giant is severely wounded.
You slash the frost giant! You burn the frost giant.
The frost giant is severely wounded.
The frost giant casts a spell at you.
The freezing blast explodes!
The freezing blast engulfs you!
* * * LOW HITPOINT WARNING * * *
The freezing blast engulfs the frost giant.
The frost giant resists.
A stone giant comes into view.
You hit the frost giant. You burn the frost giant.
The frost giant is almost dead.
The frost giant casts a spell at you. The bolt of cold hits you!
You die...

.▓.▓.▓.▓'▓.▓.▓p▓.▓
.▓.▓.▓.▓.▓.▓.▓p▓.▓
.▓.▓.▓.▓=▓.▓.▓.▓.▓
.▓.▓.▓.▓.▓.▓.▓.▓.▓
)▓.▓)▓.▓.▓.▓.▓.▓.▓
.▓.▓)▓.▓.▓.▓.▓.▓.▓
.▓.▓)▓.▓)▓.▓'▓.▓.▓
.▓.▓)▓.▓)▓.▓)▓.▓.▓
.▓.▓)▓.▓)▓.▓)▓.▓@▓
.▓.▓)▓.▓)▓.▓)▓.▓C▓
.▓.▓.▓.▓)▓.▓)▓.▓Q▓
.▓.▓)▓.▓)▓.▓.▓.▓H▓
†▓.▓)▓.▓)▓.▓.▓.▓X▓
†▓.▓.▓.▓)▓.▓.▓÷▓*▓
†▓.▓.▓.▓.▓.▓.▓.▓C▓
.▓.▓.▓.▓[▓.▓†▓.▓C▓
†▓)▓.▓.▓[▓.♣†♣.▓


You could see a tentacled monstrosity, a frost giant, 2 stone giants, a tengu
reaver, a hippogriff and a battlesphere.

Vanquished Creatures
  Saint Roka (D)
  Frances (D)
  Donald (D)
  Kirke (D)
  A fire giant (D)
  A very ugly thing (D)
  Nessos (D)
  An ettin (D)
  A fire dragon (D)
  Erolcha (D)
  A yaktaur captain (D)
  2 hydras (D)
  Erica (D)
  2 rakshasas (D)
  A centaur warrior (D)
  An alligator (D)
  A deep troll earth mage (D)
  2 tengu warriors (D)
  A naga sharpshooter (D)
  2 orc high priests (D)
  A shock serpent (D)
  A fire crab (D)
  An unseen horror (D)
  A flayed ghost (D)
  An orb spider (D)
  A mana viper (D)
  2 wolf spiders (D)
  2 orc sorcerers (D)
  5 orc knights (D)
  A manticore (D)
  A water nymph (D)
  2 merfolk sirens (D)
  2 naga magi (D)
  3 black mambas (D)
  Maurice (D)
  3 cane toads (D)
  3 komodo dragons (D)
  A demonic crawler (D)
  A merfolk (D)
  A jumping spider (D)
  4 polar bears (D)
  2 trolls (D)
  A blink frog (D)
  2 tyrant leeches (D)
  A hornet (D)
  2 slime creatures (D)
  3 hippogriffs (D)
  2 tarantellas (D)
  2 hogs (D)
  A wyvern (D)
  2 redbacks (D)
  A yak (D)
  Grum (D)
  Eustachio (D)
  A vampire mosquito (D)
  4 crocodiles (D)
  A warg (D)
  A naga (D)
  4 water moccasins (D)
  9 orc warriors (D)
  A swamp drake (D)
  5 black bears (D)
  An ice beast (D)
  2 wolves (D)
  2 ogres (D)
  A killer bee (D)
  A crimson imp (D)
  3 hounds (D)
  5 orc priests (D)
  3 orc wizards (D)
  A worker ant (D)
  An ooze (D)
  A leopard gecko (D)
  16 orcs (D)
  A bat skeleton (D)
  A bat zombie (D)
  2 hobgoblins (D)
  A ball python (D)
  2 leopard gecko zombies (D)
  A quokka skeleton (D)
  A quokka zombie (D)
  A rat (D)
156 creatures vanquished.

Vanquished Creatures (collateral kills)
  A merfolk impaler (D)
  A manticore (D)
  A merfolk (D)
  A water elemental (D)
4 creatures vanquished.

Vanquished Creatures (others)
  An orc (D)
1 creature vanquished.

Grand Total: 161 creatures vanquished

Notes
Turn   | Place    | Note
-------+----------+-------------------------------------------
     0 | D        | Freyura the Minotaur Fighter began the quest for the Orb.
     0 | D        | Reached XP level 1. HP: 19/19 MP: 0/0
     8 | D        | Reached skill level 1 in Dodging
    17 | D        | Reached XP level 2. HP: 11/27 MP: 1/1
   187 | D        | Reached skill level 5 in Long Blades
   187 | D        | Reached XP level 3. HP: 34/35 MP: 2/2
   196 | D        | Found a roughly hewn altar of Beogh.
   196 | D        | Found a snail-covered altar of Cheibriados.
   196 | D        | Found a shadowy altar of Dithmenos.
   196 | D        | Found a white marble altar of Elyvilon.
   196 | D        | Found a blossoming altar of Fedhas.
   196 | D        | Found an opulent altar of Gozag.
   197 | D        | Found a hazy altar of Hepliaklqana.
   198 | D        | Found a viscous altar of Jiyva.
   199 | D        | Found an ancient bone altar of Kikubaaqudgha.
   200 | D        | Found a corrupted altar of Lugonu.
   201 | D        | Found a burning altar of Makhleb.
   202 | D        | Found a sparkling altar of Nemelex Xobeh.
   203 | D        | Found an iron altar of Okawaru.
   204 | D        | Found a stormy altar of Qazlal.
   205 | D        | Found a sacrificial altar of Ru.
   206 | D        | Found a shimmering blue altar of Sif Muna.
   207 | D        | Found a bloodstained altar of Trog.
   208 | D        | Found a hide-covered altar of Uskayaw.
   209 | D        | Found a radiant altar of Vehumet.
   210 | D        | Found an ornate altar of the Wu Jian Council.
   211 | D        | Found a shimmering altar of Xom.
   212 | D        | Found a basalt altar of Yredelemnul.
   213 | D        | Found a glowing silver altar of Zin.
   214 | D        | Found a glowing golden altar of the Shining One.
   283 | D        | Became a worshipper of the Shining One
   294 | D        | Noticed an ogre
   294 | D        | Reached * piety under the Shining One
   294 | D        | Noticed a hippogriff
   294 | D        | Noticed a killer bee
   294 | D        | Noticed a hornet
   296 | D        | Reached skill level 5 in Fighting
   296 | D        | Reached skill level 5 in Armour
   296 | D        | Reached skill level 5 in Shields
   296 | D        | Reached skill level 1 in Invocations
   297 | D        | Killed an ogre
   297 | D        | Reached XP level 4. HP: 44/44 MP: 2/4
   297 | D        | Reached XP level 5. HP: 50/50 MP: 2/5
   299 | D        | Reached ** piety under the Shining One
   302 | D        | Killed a hippogriff
   302 | D        | Reached skill level 5 in Dodging
   302 | D        | Reached XP level 6. HP: 60/60 MP: 2/8
   305 | D        | Killed a hornet
   305 | D        | Reached skill level 10 in Long Blades
   305 | D        | Reached skill level 5 in Invocations
   305 | D        | Reached XP level 7. HP: 68/68 MP: 2/9
   358 | D        | Noticed a tengu warrior
   358 | D        | Noticed a centaur warrior
   358 | D        | Reached *** piety under the Shining One
   358 | D        | Noticed a troll
   358 | D        | Noticed an unseen horror
   371 | D        | Killed a tengu warrior
   371 | D        | Reached XP level 8. HP: 59/78 MP: 9/11
   374 | D        | Killed an unseen horror
   378 | D        | Killed a centaur warrior
   378 | D        | Reached skill level 10 in Fighting
   378 | D        | Reached skill level 10 in Armour
   378 | D        | Reached skill level 10 in Shields
   378 | D        | Reached XP level 9. HP: 67/86 MP: 9/13
   382 | D        | Killed a troll
   559 | D        | Got the cursed +3 morningstar "Mixzesh" {antimagic, +Blink
                  | Str+5 Int-2}
   574 | D        | Reached **** piety under the Shining One
   590 | D        | Noticed a polar bear
   591 | D        | Noticed a cane toad
   599 | D        | Killed a polar bear
   605 | D        | Killed a cane toad
   612 | D        | Noticed a komodo dragon
   612 | D        | Noticed a komodo dragon
   612 | D        | Reached ***** piety under the Shining One
   612 | D        | Noticed a fire crab
   617 | D        | Reached skill level 10 in Dodging
   617 | D        | Reached XP level 10. HP: 96/96 MP: 15/15
   620 | D        | Reached skill level 1 in Evocations
   620 | D        | Noticed a four-headed hydra
   630 | D        | Killed a fire crab
   639 | D        | Killed a one-headed hydra
   728 | D        | Reached skill level 10 in Invocations
   802 | D        | Noticed Grum
   813 | D        | Killed Grum
   813 | D        | Reached XP level 11. HP: 107/107 MP: 17/17
   815 | D        | Reached skill level 5 in Evocations
   834 | D        | Noticed Erolcha
   834 | D        | Reached ****** piety under the Shining One
   848 | D        | Killed Erolcha
   860 | D        | Noticed Eustachio
   873 | D        | Killed Eustachio
   991 | D        | Noticed an orc knight
   991 | D        | Noticed an orc knight
   993 | D        | Noticed an orc knight
  1008 | D        | Killed an orc knight
  1016 | D        | Killed an orc knight
  1024 | D        | Killed an orc knight
  1214 | D        | Found Gymeodod's Antique Weapon Emporium.
  1214 | D        | Noticed an orc sorcerer
  1214 | D        | Noticed an orc knight
  1214 | D        | Noticed an orc sorcerer
  1215 | D        | Noticed an orc knight
  1217 | D        | Killed an orc sorcerer
  1223 | D        | Killed an orc knight
  1226 | D        | Killed an orc sorcerer
  1229 | D        | Noticed an orc high priest
  1235 | D        | Killed an orc knight
  1236 | D        | Found Vocyprok's Gadget Shoppe.
  1239 | D        | Noticed a sixfirhy
  1256 | D        | Killed an orc high priest
  1263 | D        | Found Rusagak's Food Emporium.
  1267 | D        | Found Nuisuz's Jewellery Shoppe.
  1269 | D        | Noticed an orc high priest
  1283 | D        | Killed an orc high priest
  1409 | D        | Noticed Erica
  1420 | D        | Killed Erica
  1494 | D        | Got the +0 leather armour "Jeegono" {*Corrode MR+ Str+2
                  | SInv}
  1614 | D        | Noticed a fire giant
  1615 | D        | Noticed a rakshasa
  1635 | D        | Killed a fire giant
  1635 | D        | Reached XP level 12. HP: 75/118 MP: 6/20
  1645 | D        | Killed a rakshasa
  1645 | D        | Reached skill level 15 in Shields
  1739 | D        | Noticed a fire dragon
  1740 | D        | Noticed a rakshasa
  1741 | D        | Noticed a yaktaur captain
  1742 | D        | Noticed a tengu warrior
  1743 | D        | Noticed a deep troll earth mage
  1756 | D        | Killed a fire dragon
  1756 | D        | Reached skill level 15 in Fighting
  1765 | D        | Killed a yaktaur captain
  1765 | D        | Reached skill level 15 in Armour
  1771 | D        | Killed a tengu warrior
  1777 | D        | Killed a deep troll earth mage
  1785 | D        | Killed a rakshasa
  1887 | D        | Noticed Frances
  1896 | D        | Noticed Saint Roka
  1909 | D        | Killed Frances
  1952 | D        | Killed Saint Roka
  2177 | D        | Noticed Donald
  2195 | D        | Killed Donald
  2195 | D        | Reached skill level 10 in Evocations
  2195 | D        | Reached XP level 13. HP: 108/130 MP: 7/22
  2303 | D        | Reached skill level 15 in Dodging
  2663 | D        | Noticed a merfolk impaler
  2674 | D        | Killed a merfolk impaler
  2847 | D        | Noticed Nessos
  2866 | D        | Killed Nessos
  2902 | D        | Noticed Maurice
  2909 | D        | Killed Maurice
  2965 | D        | Noticed Kirke
  2976 | D        | Killed Kirke
  3022 | D        | Noticed an ettin
  3022 | D        | Noticed a red very ugly thing
  3022 | D        | Noticed a frost giant
  3027 | D        | Noticed a tengu reaver
  3035 | D        | Killed a red very ugly thing
  3039 | D        | Killed an ettin
  3039 | D        | Reached skill level 15 in Invocations
  3047 | D        | Noticed a tentacled monstrosity
  3049 | D        | Noticed a stone giant
  3051 | D        | Noticed a stone giant
  3052 | D        | Killed from afar by a frost giant

Skill      XL: |  1  2  3  4  5  6  7  8  9 10 11 12 13 |
---------------+----------------------------------------+-----
Fighting       | 4 5 7 8 9 10 11 13 14 16 18 | 18.1
Long Blades    | 3 5 7 9 10 11 13 14 | 14.0
Armour         | 4 5 7 9 10 11 12 14 16 17 | 17.9
Dodging        | 1 2 4 5 6 7 8 10 11 13 14 16 | 16.5
Shields        | 4 6 7 8 9 10 11 13 14 16 18 | 18.1
Invocations    | 2 4 5 6 7 8 10 12 13 15 | 15.0
Evocations     | 4 8 10 12 | 12.0

Action                   |  1- 3 |  4- 6 |  7- 9 | 10-12 | 13-15 || total
-------------------------+-------+-------+-------+-------+-------++-------
Melee: Long sword        |    27 |       |       |       |       ||    27
       Headbutt          |     6 |     1 |    12 |    89 |    47 ||   155
       Scimitar          |     2 |     7 |    57 |   362 |   195 ||   623
Invok: Divine Shield     |       |       |       |     4 |     4 ||     8
       Summon Divine War |       |       |       |       |     2 ||     2
Evoke: Wand              |       |       |       |       |     1 ||     1
  Use: Potion            |     1 |       |       |     8 |     2 ||    11
       Scroll            |       |       |     2 |     2 |       ||     4
  Eat: Chunk             |       |       |       |     5 |     3 ||     8
Armor: Scale mail        |     4 |       |       |       |       ||     4
       Chain mail        |     1 |     4 |    15 |    11 |       ||    31
       Plate armour      |       |       |       |     5 |       ||     5
       Storm dragon scal |       |       |       |    16 |     5 ||    21
       Swamp dragon scal |       |       |       |       |    10 ||    10
Dodge: Dodged            |     6 |     2 |    11 |    63 |    39 ||   121
Block: Shield            |    13 |     4 |    35 |   190 |   144 ||   386
